 Dungeon Crawl Stone Soup version 0.31.0-4-g52a2dc7128 (webtiles) character file.

Game seed: 13976869647149038842

10886 freelancePsychic the Slicer (level 11, -1/62 HPs)
             Began as a Vine Stalker Necromancer on Jan 22, 2024.
             Was a High Priest of Nemelex Xobeh.
             Succumbed to their own dark miasma
             ... on level 10 of the Dungeon.
             The game lasted 00:12:57 (7836 turns).

freelancePsychic the Slicer (VSNe)                  Turns: 7836, Time: 00:12:58

Health: -1/62      AC:  8    Str: 13    XL:     11   Next: 69%
Magic:  8/19       EV: 10    Int: 17    God:    Nemelex Xobeh [*****.]
Gold:   485        SH:  0    Dex: 15    Spells: 11/15 levels left

rFire   . . .        c - +2 short sword (venom)
rCold   + . .        (no shield)
rNeg    . . .        l - +0 ring mail
rPois   .            h - +0 helmet
rElec   .            y - +0 cloak
rCorr   .            D - +0 pair of gloves
SInv    .            (no boots)
Will    +....        e - amulet of magic regeneration
Stlth   +            g - ring of protection from cold
HPRegen 1.10/turn    (no ring)
MPRegen 0.56/turn

%: guardian spirit
@: lethally poisoned (-1 -> -23)
A: fangs 3, regeneration 1, magic shield, antimagic bite, no potion heal 2
a: Renounce Religion, Draw Escape, Draw Destruction, Draw Summoning, Triple
Draw, Deal Four, Stack Five


You were on level 10 of the Dungeon.
You worshipped Nemelex Xobeh.
Nemelex Xobeh was extremely pleased with you.
You visited 1 branch of the dungeon, and saw 10 of its levels.

You collected 485 gold pieces.

Inventory:

Hand Weapons
 c - a +2 short sword of venom (weapon)
 M - a +1 dagger of electrocution
Armour
 a - a +0 robe
 h - a +0 helmet (worn)
 l - a +0 ring mail (worn)
 y - a +0 cloak (worn)
 D - a +0 pair of gloves (worn)
 H - an orb of guile
Jewellery
 e - an amulet of magic regeneration (around neck)
 g - a ring of protection from cold (left hand)
 O - a ring of protection from fire
 P - a ring of wizardry
Wands
 v - a wand of iceblast (18)
 E - a wand of quicksilver (13)
 F - a wand of digging (4)
 G - a wand of paralysis (12)
 L - a wand of flame (7)
Scrolls
 f - 3 scrolls of amnesia
 i - 3 scrolls of fog
 j - 2 scrolls of enchant weapon
 k - 2 scrolls of revelation
 m - 3 scrolls of noise
 n - 4 scrolls of teleportation {@r4}
 t - 2 scrolls of enchant armour
 A - 3 scrolls of immolation
 B - 2 scrolls of identify {@r1}
 J - a scroll of butterflies
 K - a scroll of torment {unknown}
 Q - a scroll of silence {unknown}
Potions
 b - 2 potions of magic
 d - 2 potions of curing {@q1}
 o - a potion of cancellation {unknown}
 p - 3 potions of heal wounds {unknown}
 q - 2 potions of lignification {unknown}
 r - a potion of attraction {unknown}
 s - a potion of mutation {unknown}
 u - 2 potions of haste {unknown}
 w - a potion of invisibility {unknown}
 z - 2 potions of degeneration {unknown}
 C - 2 potions of berserk rage {unknown}
 I - a potion of brilliance {unknown}
 N - a potion of enlightenment {unknown}


   Skills:
 + Level 9.3 Fighting
 - Level 10.0 Short Blades
 - Level 1.5 Dodging
 - Level 2.4 Stealth
 - Level 1.7 Unarmed Combat
 - Level 2.8 Spellcasting
 - Level 4.3 Necromancy
 + Level 10.0 Invocations


You had 11 spell levels left.
You knew the following spells:

 Your Spells              Type           Power      Damage    Failure   Level
a - Necrotise             Necr           68%        1d7       7%          1
b - Vampiric Draining     Necr           17%        2d7       21%         3

Your spell library contained the following spells:

 Spells                   Type           Power      Damage    Failure   Level
 Animate Dead             Necr           17%        N/A       54%         4
 Volatile Blastmotes      Fire/Tloc      4%         2d10      75%         3
 Anguish                  Hex/Necr       4%         N/A       85%         4
 Curse of Agony           Necr           17%        N/A       88%         5
 Fulminant Prism          Conj/Alch      1%         3d5       98%         4
 Iskenderun's Mystic Bla  Conj/Tloc      2%         2d3       98%         4
 Borgnjor's Vile Clutch   Necr/Erth      4%         N/A       99%         5
 Alistair's Intoxication  Alch           1%         N/A       100%        5
 Summon Mana Viper        Hex/Summ       2%         N/A       100%        5
 Eringya's Noxious Bog    Alch           1%         4d6       100%        6


Dungeon Overview and Level Annotations

Branches:
Dungeon (10/15)            Temple (0/1) D:5            Lair (0/5) D:10
    Orc (0/2) D:10

Altars:
Ashenzari
Dithmenos
Nemelex Xobeh
Ru
Zin
The Shining One

Shops:
D:9 :

Annotations:
D:2 1 runed translucent door, Crazy Yiuf


Innate Abilities, Weirdness & Mutations

You have razor-sharp teeth.
Your natural rate of healing is unusually fast.
When hurt, damage is shared between your health and your magic reserves.
Your bite disrupts and absorbs the magic of your enemies.
Potions cannot restore your health.


Message History

You hit the acid dragon.
You bite the acid dragon, but do no damage.
The acid dragon is lightly wounded.
You hit the acid dragon. You bite the acid dragon! You drain its power.
You feel invigorated.
The acid dragon is heavily wounded.
The orc hits you but does no damage. The acid dragon spits acid at you.
The splash of acid hits you!!
* * * LOW HITPOINT WARNING * * *
You draw a card...
You have drawn the Cloud.
Clouds appear around your foes! The orc closely misses you.
The acid dragon bites you but does no damage.
The acid dragon barely misses you.
You hit the acid dragon.
You bite the acid dragon, but do no damage.
The acid dragon is heavily wounded.
You are engulfed in dark miasma.
You are poisoned.
* * * LOW HITPOINT WARNING * * *
You feel very sick.
Your system rejects the healing.
You feel better.
You are engulfed in dark miasma.
You are poisoned.
* * * LOW HITPOINT WARNING * * *
You feel very sick. The orc hits you but does no damage.
The acid dragon bites you but does no damage.
The acid dragon completely misses you.
Press: ? - help, v - describe, . - travel The floor.
There is a cloud of foul pestilence here.
Unknown command.
As you read the scroll of fear, it crumbles to dust.
You assume a fearsome visage.
The orc looks frightened! x2
The acid dragon looks frightened!
You are engulfed in dark miasma.
You are lethally poisoned!
* * * LOW HITPOINT WARNING * * *
You die...
Your body disappears without a glow.

#.#####.# #. ..... #.# #.#
.##.#.# #.#
#.########.#.#.## #.#
#..#.....#......# #
#.#####.##...°°8°#.#..# .#
#.......##....o)○..#..##.#
#.##.##.##..⌠oo8°°.......#
#.##.##.##.....#o###...###
#.##.##.##.... #@##.....##
#.##.##.##>o_ #D#.......#
........##oo #○##.....##
........##o #.###.###.##
.....#...# 8....## ##.#
#.##.##### +..#. #.#
#.##.## 8.##># ##)#
......# #.# #.###)##
#.###.# #.))##


You could see an acid dragon (fleeing) and 2 orcs.

Vanquished Creatures
  An ice dragon (D:10)
  6 death yaks (D:10)
  A sun moth (D:10)
  Jeremiah (D:8)
  A hornet (D:10)
  Sigmund (D:6)
  A shadow (D:6)
  A wraith (D:10)
  A wyvern (D:10)
  Menkaure (D:5)
  Edmund (D:5)
  Duvessa (D:4)
  4 orc warriors
  A black bear (D:5)
  2 ogres
  2 centaurs
  3 phantoms
  3 bullfrogs (D:7)
  2 kobold brigands
  4 scorpions
  22 killer bees
  A howler monkey (D:8)
  A bombardier beetle (D:6)
  A crimson imp (D:6)
  4 jellies
  2 orc priests (D:9)
  4 hounds
  A gnoll bouda (D:9)
  2 sleepcaps
  4 iguanas
  7 orc wizards
  6 adders
  8 gnolls
  2 shadow imps
  2 dart slugs (D:1)
  32 orcs
  6 ball pythons
  5 endoplasms
  4 giant cockroaches
  7 goblins
  6 hobgoblins
  7 jackals
  22 kobolds
  6 quokkas
  4 bats
  6 frilled lizards
  3 goblin zombies (D:5)
  2 hobgoblin zombies (D:5)
  2 kobold zombies (D:5)
  2 orc skeletons (D:5)
  2 orc zombies (D:5)
  7 rats
228 creatures vanquished.

Vanquished Creatures (collateral kills)
  Gastronok (D:8)
  An orc warrior (D:8)
  A bullfrog (D:8)
  Dowan (D:4)
  An orc priest (D:8)
  A hound (D:4)
  An orc wizard (D:8)
  A frilled lizard (D:1)
8 creatures vanquished.

Grand Total: 236 creatures vanquished

Notes
Turn   | Place    | Note
-------+----------+-------------------------------------------
     0 | D:1      | freelancePsychic the Vine Stalker Necromancer began the
                  | quest for the Orb.
     0 | D:1      | Reached XP level 1. HP: 9/9 MP: 4/4
   292 | D:1      | Reached XP level 2. HP: 13/13 MP: 3/6
   548 | D:1      | Found a faded altar of an unknown god.
   656 | D:1      | Prayed at the altar of an unknown god.
   656 | D:1      | Became a worshipper of Nemelex Xobeh the Trickster
   656 | D:1      | Reached * piety under Nemelex Xobeh
   771 | D:1      | Received a gift from Nemelex Xobeh
   844 | D:1      | Reached XP level 3. HP: 15/17 MP: 6/8
  1240 | D:1      | Learned a level 3 spell: Vampiric Draining
  1270 | D:2      | Received a gift from Nemelex Xobeh
  1314 | D:2      | Noticed a phantom
  1327 | D:2      | Killed a phantom
  1328 | D:2      | Reached skill level 1 in Fighting
  1328 | D:2      | Reached skill level 1 in Unarmed Combat
  1328 | D:2      | Reached skill level 1 in Invocations
  1328 | D:2      | Reached XP level 4. HP: 23/23 MP: 4/9
  1485 | D:2      | Reached ** piety under Nemelex Xobeh
  1617 | D:2      | Reached XP level 5. HP: 26/26 MP: 10/10
  1836 | D:2      | Found a runed translucent door.
  1837 | D:2      | Noticed Crazy Yiuf
  2079 | D:3      | Reached skill level 1 in Short Blades
  2343 | D:3      | Received a gift from Nemelex Xobeh
  2770 | D:4      | Reached XP level 6. HP: 25/31 MP: 11/11
  2815 | D:4      | Noticed Duvessa
  2815 | D:4      | Noticed Dowan
  2825 | D:4      | Killed Dowan
  2836 | D:4      | Killed Duvessa
  2890 | D:4      | Reached XP level 7. HP: 27/35 MP: 9/12
  3250 | D:5      | Entered Level 5 of the Dungeon
  3314 | D:5      | Found a staircase to the Ecumenical Temple.
  3326 | D:5      | Received a gift from Nemelex Xobeh
  3433 | D:5      | Reached *** piety under Nemelex Xobeh
  3632 | D:5      | Noticed Menkaure
  3648 | D:5      | Killed Menkaure
  3767 | D:5      | Gained mutation: You have razor-sharp teeth. [Vine Stalker
                  | growth]
  3767 | D:5      | Reached XP level 8. HP: 42/42 MP: 13/13
  3803 | D:5      | Noticed Edmund
  3818 | D:5      | Killed Edmund
  3819 | D:5      | Reached skill level 5 in Short Blades
  3825 | D:5      | Found a glowing golden altar of the Shining One.
  4194 | D:5      | Found a sacrificial altar of Ru.
  4260 | D:6      | Noticed Grinder
  4266 | D:6      | Grinder changed into Grinder the crimson imp
  4266 | D:6      | Noticed Grinder
  4274 | D:6      | Killed Grinder the crimson imp
  4403 | D:6      | Reached skill level 5 in Invocations
  4517 | D:6      | Noticed a shadow
  4520 | D:6      | Killed a shadow
  4521 | D:6      | Reached XP level 9. HP: 46/46 MP: 14/14
  4556 | D:6      | Reached skill level 5 in Fighting
  4601 | D:6      | Received a gift from Nemelex Xobeh
  4612 | D:6      | Noticed Sigmund
  4616 | D:6      | Killed Sigmund
  5056 | D:6      | Found a glowing silver altar of Zin.
  5326 | D:7      | Reached **** piety under Nemelex Xobeh
  5346 | D:7      | Identified the +1 flail "Pask" {pain, rF+}
  5668 | D:7      | Received a gift from Nemelex Xobeh
  5745 | D:8      | Noticed Gastronok
  5758 | D:8      | Killed Gastronok
  5759 | D:8      | Reached XP level 10. HP: 32/53 MP: 10/16
  5977 | D:8      | Found a shadowy altar of Dithmenos.
  6060 | D:8      | Noticed Jeremiah
  6061 | D:8      | Killed Jeremiah
  6115 | D:8      | Got the Handbook of Bad Luck
  6135 | D:8      | Found a broken altar of Ashenzari.
  6637 | D:9      | Received a gift from Nemelex Xobeh
  7027 | D:9      | Found Ducemec's Tiny Tomes.
  7108 | D:9      | Reached ***** piety under Nemelex Xobeh
  7428 | D:10     | Entered Level 10 of the Dungeon
  7471 | D:10     | Noticed a death yak
  7471 | D:10     | Noticed a death yak
  7471 | D:10     | Noticed a death yak
  7471 | D:10     | Noticed a death yak
  7474 | D:10     | Noticed a death yak
  7474 | D:10     | Noticed a death yak
  7475 | D:10     | Killed a death yak
  7475 | D:10     | Noticed a death yak
  7476 | D:10     | Reached skill level 10 in Short Blades
  7476 | D:10     | Reached XP level 11. HP: 59/59 MP: 16/18
  7477 | D:10     | Killed a death yak
  7480 | D:10     | Noticed a death yak
  7483 | D:10     | Killed a death yak
  7486 | D:10     | Killed a death yak
  7494 | D:10     | Killed a death yak
  7497 | D:10     | a death yak changed into a sun moth
  7497 | D:10     | Noticed a sun moth
  7497 | D:10     | a death yak changed into an ice dragon
  7497 | D:10     | Noticed an ice dragon
  7502 | D:10     | Killed a sun moth
  7536 | D:10     | Killed a death yak
  7554 | D:10     | Killed an ice dragon
  7584 | D:10     | Found a staircase to the Lair.
  7789 | D:10     | Reached skill level 10 in Invocations
  7817 | D:10     | Received a gift from Nemelex Xobeh
  7824 | D:10     | Found a staircase to the Orcish Mines.
  7836 | D:10     | Succumbed to their own dark miasma

Illustrated notes

Levels and vault maps discovered:
D:1:      minmay_arrival_widening_spiral_wide, layout_basic,
          shapermc_ecumenical_altar_acropolis
D:2:      layout_rooms, uniq_crazy_yiuf_cottage
D:3:      layout_loops_cross
D:4:      layout_rooms, serial_bayou, serial_bayou_shore_b, serial_bayou_pond_d,
          serial_bayou_pond_e, serial_bayou_lagoon_a, serial_bayou_pond_e,
          uniq_duvessa
D:5:      layout_loops_corners, nicolae_ru_the_path_less_chosen,
          nicolae_tso_besieged_by_evil, minmay_temple_entry_junction_2,
          uniq_menkaure, uniq_edmund
D:6:      layout_loops_ring, pf_just_have_faith, minmay_microvault,
          uniq_grinder, uniq_sigmund
D:7:      layout_basic
D:8:      layout_basic, grunt_dithmenos_shadows, mainiacjoe_overflow_24_doors,
          uniq_gastronok, uniq_jeremiah
D:9:      layout_loops_cross, nicolae_shop_i_like_small_books_too
D:10:     layout_loops_cross, mainiacjoe_overflow_two_lobes, dpeg_lair_monsters,
          david_orc_5

Skill      XL: |  1  2  3  4  5  6  7  8  9 10 11 |
---------------+----------------------------------+-----
Fighting       | 1 2 3 4 6 7 9 |  9.3
Unarmed Combat | 1 |  1.7
Invocations    | 1 2 3 4 5 7 8 10 | 10.0
Short Blades   | 1 3 4 6 8 10 | 10.0
Dodging        | |  1.5
Stealth        | |  2.4
Spellcasting   | |  2.8
Necromancy     | |  4.3

Action                     |  1- 3 |  4- 6 |  7- 9 | 10-12 || total
---------------------------+-------+-------+-------+-------++-------
  Melee: Dagger            |    46 |       |       |       ||    46
         Bite              |    12 |    25 |    94 |   115 ||   246
         Punch             |     1 |     3 |     8 |     9 ||    21
         Short sword       |       |    91 |   318 |   320 ||   729
         Unarmed           |       |     9 |       |       ||     9
   Cast: Necrotise         |    28 |       |     3 |     2 ||    33
 Invoke: Draw Destruction  |     3 |     2 |     6 |    13 ||    24
         Draw Escape       |       |     1 |       |     5 ||     6
         Draw Summoning    |       |     1 |     2 |       ||     3
    Use: Scroll            |       |     7 |     2 |     4 ||    13
         Potion            |       |       |       |     2 ||     2
   Stab: Sleeping          |     3 |     3 |     8 |       ||    14
         Petrified         |       |     2 |       |       ||     2
         Distracted        |       |       |     1 |       ||     1
 Armour: Robe              |    26 |    12 |       |       ||    38
         Ring mail         |       |    60 |   141 |   195 ||   396
  Dodge: Dodged            |    25 |    55 |   120 |   119 ||   319
